Match 46735934
Unlisted

Match 46735934
End
Construct Weapon Support Center
Engineer Squad
M1919 Machine Gun Team
Bazooka Squad
Bazooka Squad
Bazooka Squad
Construct Medical Station
M1919 Machine Gun Team
Bazooka Squad
Improved M9 Bazooka Rockets
MO
Bubbciss
simaogui
The Scourge of God
洛洛
lll
Hepa
Sturmi
0
0

Comments sign in to comment!

No comments posted yet!